 Dungeon Crawl Stone Soup version 0.22.1-2-g9c5b331383 (webtiles) character file.

198 JGreham the Poker (level 5, -3/47 HPs)
             Began as a Draconian Berserker on Dec 27, 2018.
             Was a Priest of Trog.
             Slain by an orc wizard
             ... wielding a +0 dagger
              (5 damage)
             ... on level 3 of the Dungeon.
             The game lasted 00:06:16 (2188 turns).

JGreham the Poker (Draconian Berserker)             Turns: 2188, Time: 00:06:16

Health: -3/47      AC:  5    Str: 17 (20) XL:     5   Next: 47%
Magic:  5/5        EV: 13    Int:  7 (8)  God:    Trog [***...]
Gold:   148        SH:  0    Dex: 10      Spells: 4/4 levels left

rFire    . . .     SeeInvis .   c - +0 spear
rCold    . . .     Gourm    .   (no shield)
rNeg     . . .     Faith    .   (armour unavailable)
rPois    +         Spirit   .   (helmet restricted)
rElec    .         Reflect  .   (no cloak)
rCorr    .         Harm     .   (no gloves)
MR       .....                  (no boots)
Stlth    +.........             (no amulet)
HPRegen  0.15/turn              i - ring of poison resistance
MPRegen  0.09/turn              (no ring)

@: no status effects
A: unfitting armour, cold-blooded, AC +5
a: Berserk, Trog's Hand, Renounce Religion


You were on level 3 of the Dungeon.
You worshipped Trog.
Trog was most pleased with you.
You were not hungry.

You visited 1 branch of the dungeon, and saw 3 of its levels.

You collected 148 gold pieces.

Inventory:

Hand Weapons
 a - a +0 spear
 c - a +0 spear (weapon)
Jewellery
 i - a ring of poison resistance (left hand)
Scrolls
 d - a scroll of remove curse
Potions
 h - a potion of resistance
Comestibles
 b - 3 rations


   Skills:
 + Level 4.3 Fighting
 + Level 4.8 Polearms
 + Level 3.7 Dodging
 + Level 0.5 Stealth


You had 4 spell levels left.
You didn't know any spells.
Your spell library was empty.

Dungeon Overview and Level Annotations

Branches:
Dungeon (3/15)

Altars:


Innate Abilities, Weirdness & Mutations

Your plain brown scales are hard. (AC +5)
You cannot fit into any form of body armour.
You are cold-blooded and may be slowed by cold attacks.


Message History

The orc wizard seems to regain its courage.
You hit the orc wizard.
Your tail-slap misses the orc wizard.
The orc wizard is heavily wounded.
The orc misses you.
You closely miss the orc wizard.
The orc wizard is heavily wounded.
The orc wizard closely misses you.
You closely miss the orc wizard.
The orc wizard is heavily wounded.
The orc hits you but does no damage. The orc wizard hits you with a dagger.
* * * LOW HITPOINT WARNING * * *
The orc hits you with a flail.
* * * LOW HITPOINT WARNING * * *
You hit the orc wizard.
The orc wizard is heavily wounded.
The orc wizard closely misses you. The orc hits you but does no damage.
You barely miss the orc wizard.
The orc wizard is heavily wounded.
The orc wizard hits you with a dagger.
You die...

#######
#@#.#.###########
#oo.............#
#.....###.#####.#
#...#.# #†# ###.##
........# #.###.....
#.#..######.........
#.........#.......##
##.... ...#...g.####
###### #.#.....####


You could see an orc wizard and an orc.

Vanquished Creatures
  Jessica (D:2)
  8 adders
  An ooze (D:2)
  A worm (D:2)
  5 dart slugs
  A leopard gecko (D:1)
  2 orcs (D:3)
  3 ball pythons
  8 bats
  5 giant cockroaches
  11 goblins
  7 hobgoblins
  6 jackals
  A quokka (D:3)
  8 frilled lizards
  8 kobolds
  4 rats
80 creatures vanquished.

Notes
Turn   | Place    | Note
-------+----------+-------------------------------------------
     0 | D:1      | JGreham the Draconian Berserker began the quest for the
                  | Orb.
     0 | D:1      | Reached XP level 1. HP: 19/19 MP: 1/1
    96 | D:1      | Reached XP level 2. HP: 26/26 MP: 2/2
   519 | D:1      | Reached XP level 3. HP: 33/33 MP: 3/3
   539 | D:1      | Reached ** piety under Trog
  1017 | D:2      | Reached XP level 4. HP: 24/40 MP: 4/4
  1323 | D:2      | Noticed Jessica
  1338 | D:2      | Killed Jessica
  1738 | D:2      | Reached XP level 5. HP: 32/46 MP: 5/5
  2052 | D:3      | Reached *** piety under Trog
  2186 | D:3      | HP: 1/47 [orc/flail (3)]
  2188 | D:3      | Slain by an orc wizard

Skill      XL: |  1  2  3 |
---------------+----------+-----
Dodging        | 3 |  3.7
Fighting       | 4 |  4.3
Polearms       | 4 |  4.8
Stealth        | |  0.5

Action                   |  1- 3 |  4- 6 || total
-------------------------+-------+-------++-------
Melee: Spear             |   145 |   212 ||   357
       Tailslap          |    14 |    22 ||    36
  Use: Potion            |     4 |     4 ||     8
       Scroll            |     3 |     3 ||     6
 Stab: Sleeping          |     1 |     1 ||     2
  Eat: Ration            |       |     1 ||     1
       Chunk             |       |     1 ||     1
Armor: Skin              |    45 |    39 ||    84
Dodge: Dodged            |    75 |   116 ||   191
